 Dungeon Crawl Stone Soup version 0.31.0-11-ge490571c62 (webtiles) character file.

Game seed: 10717471854810994702

46816 jasper the Executioner (level 14, -5/129 HPs)
             Began as a Hill Orc Cinder Acolyte on Jan 26, 2024.
             Was a High Priest of Okawaru.
             Slain by an orc knight
             ... wielding a +0 great sword
              (18 damage)
             ... on level 2 of the Orcish Mines.
             The game lasted 00:32:33 (18696 turns).

jasper the Executioner (Hill Orc Cinder Acolyte)   Turns: 18696, Time: 00:32:34

Health: -5/129     AC: 25    Str: 22    XL:     14   Next: 39%
Magic:  14/15      EV: 13    Int: 14    God:    Okawaru [*****.]
Gold:   1654       SH:  5    Dex:  6    Spells: 13/15 levels left

rFire   . . .        h - +1 executioner's axe (freeze)
rCold   . . .        (shield currently unavailable)
rNeg    . . .        R - +0 plate armour
rPois   .            f - +1 helmet
rElec   .            E - +0 cloak
rCorr   .            S - +0 pair of gloves
SInv    .            u - +0 pair of boots
Will    +....        P - amulet of reflection Stlth
                     q - +5 ring of evasion
HPRegen 0.41/turn    y - +4 ring of slaying
MPRegen 0.14/turn

%: reflection
@: heroic
A: no striking features
a: Renounce Religion, Convert to Beogh, Heroism, Finesse, Duel


You were on level 2 of the Orcish Mines.
You worshipped Okawaru.
Okawaru was extremely pleased with you.
You visited 4 branches of the dungeon, and saw 18 of its levels.
You also visited: Bailey.

You collected 1699 gold pieces.
You spent 45 gold pieces at shops.

Inventory:

Hand Weapons
 h - a +1 executioner's axe of freezing (weapon)
 l - a +0 battleaxe of freezing
 o - a +0 battleaxe
 v - the +7 lajatang of Order {silver, rMut}
   (You took it off a spriggan in a bailey)

   rMut:      It protects you from mutation.
 V - a +0 dire flail
Missiles
 c - 36 poisoned darts
 g - 9 javelins
 i - 169 stones
 n - a throwing net
 C - 5 curare-tipped darts
 N - 7 boomerangs (quivered)
Armour
 f - a +1 helmet (worn)
 u - a +0 pair of boots (worn)
 E - a +0 cloak (worn)
 R - a +0 plate armour (worn)
 S - a +0 pair of gloves (worn)
Jewellery
 p - an amulet of the acrobat
 q - a +5 ring of evasion (left hand)
 y - a +4 ring of slaying (right hand)
 F - a ring of ice
 P - an amulet of reflection (around neck)
Wands
 k - a wand of iceblast (6)
 w - a wand of flame (16)
 G - a wand of acid (6)
 J - a wand of digging (7)
 O - a wand of charming (17)
Scrolls
 a - a scroll of revelation
 j - 3 scrolls of vulnerability
 m - 4 scrolls of immolation
 r - 7 scrolls of teleportation
 s - a scroll of poison
 z - a scroll of identify
 A - 2 scrolls of enchant armour
 T - a scroll of fog
 U - 2 scrolls of fear
Potions
 b - 3 potions of enlightenment
 d - 2 potions of curing
 e - 3 potions of brilliance
 t - a potion of cancellation
 x - a potion of berserk rage {unknown}
 B - 3 potions of lignification
 D - 7 potions of ambrosia
 H - 4 potions of might
 I - 4 potions of magic
 K - a potion of haste
 L - 3 potions of mutation
 X - 2 potions of attraction {unknown}


   Skills:
 - Level 13.5(18.5) Fighting
 * Level 23.8(27) Axes
 - Level 3.0(8.0) Throwing
 - Level 12.0(17.0) Armour
 - Level 1.0 Spellcasting
 - Level 3.2 Fire Magic


You had 13 spell levels left.
You knew the following spells:

 Your Spells              Type           Power      Damage    Failure   Level
a - Scorch                Fire           18%        2d5       63%         2

Your spell library contained the following spells:

 Spells                   Type           Power      Damage    Failure   Level
 Magic Dart               Conj           0%         1d3       91%         1
 Sandblast                Erth           0%         2d4       91%         1
 Jinxbite                 Hex            0%         N/A       97%         2
 Lesser Beckoning         Tloc           0%         N/A       97%         2
 Searing Ray              Conj           0%         2d4       97%         2
 Frozen Ramparts          Ice            0%         1d1       99%         3
 Gell's Gravitas          Tloc           0%         N/A       99%         3
 Passwall                 Erth           0%         N/A       99%         3
 Stone Arrow              Conj/Erth      0%         3d7       99%         3
 Teleport Other           Tloc           0%         N/A       99%         3
 Anguish                  Hex/Necr       0%         N/A       100%        4
 Brom's Barrelling Bould  Conj/Erth      0%         2d3       100%        4
 Cause Fear               Hex            0%         N/A       100%        4
 Flame Wave               Conj/Fire      5%         2d5       100%        4
 Fulminant Prism          Conj/Alch      0%         3d5       100%        4
 Leda's Liquefaction      Alch/Erth      0%         N/A       100%        4
 Passage of Golubria      Tloc           0%         N/A       100%        4
 Petrify                  Alch/Erth      0%         N/A       100%        4
 Lee's Rapid Deconstruct  Erth           0%         3d4*      100%        5
 Metabolic Englaciation   Hex/Ice        0%         N/A       100%        5
 Yara's Violent Unravell  Hex/Alch       0%         3d3       100%        5
 Bombard                  Conj/Erth      0%         9d1       100%        6
 Enfeeble                 Hex            0%         N/A       100%        7
 Summon Small Mammal      Summ           Unusable   N/A       N/A         1
 Call Canine Familiar     Summ           Unusable   N/A       N/A         3
 Tukima's Dance           Hex            Unusable   N/A       N/A         3
 Summon Blazeheart Golem  Fire/Summ      Unusable   N/A       N/A         4
 Summon Cactus Giant      Summ           Unusable   N/A       N/A         6

Dungeon Overview and Level Annotations

Branches:
Dungeon (11/15)            Temple (1/1) D:4            Lair (4/5) D:11
 Shoals (0/4) Lair:2       Spider (0/4) Lair:3          Orc (2/2) D:11
    Elf (0/3) Orc:2        Bailey (visited)
  Slime: Lair:4-5

Altars:
Ashenzari
Cheibriados
Dithmenos
Elyvilon
Fedhas
Gozag
Hepliaklqana
Kikubaaqudgha
Makhleb
Nemelex Xobeh
Okawaru
Qazlal
Ru
Sif Muna
Trog
Uskayaw
Vehumet
Wu Jian
Xom
Yredelemnul
Zin
The Shining One

Shops:
D:1 =[*   D:4 =

Annotations:
Temple 2 transporters
Lair:2 3 runed translucent doors, ProzacElf's ghost, journeyman TrHW


Message History

You kill the orc warrior!
Okawaru accepts your kill.
You hit the orc knight but do no damage.
The orc wizard casts a spell at you.
You are confused.
An orc priest comes into view. It is wielding a +0 flail.
The orc priest looks satisfied for a moment.
The orc knight hits you but does no damage.
The orc priest shouts, "Beogh is our master!
Accept the truth or die!"
Unknown command.
Unknown command.
Unknown command.
You closely miss the orc knight.
The orc knight is lightly wounded.
You completely miss the orc warrior.
The orc warrior hits you from afar with a +0 trident!
* * * LOW HITPOINT WARNING * * *
The orc warrior hits you with a +0 war axe.
* * * LOW HITPOINT WARNING * * *
An orc comes into view. It is wielding a +0 hand axe.
An orc priest comes into view. It is wielding a +0 dagger.
The orc knight closely misses you.
The kobold blastminer shoots a bolt.
The bolt hits you.
* * * LOW HITPOINT WARNING * * *
The bolt burns you.
* * * LOW HITPOINT WARNING * * *
You hear a shout!
Unknown command.
Unknown command.
Unknown command.
You feel better. The orc warrior misses you.
The orc warrior closely misses you.
An orc comes into view. It is wielding a +0 mace.
An orc wizard comes into view. It is wielding a +2 dagger of speed.
The orc priest mumbles some strange prayers to Beogh against you.
Beogh smites you!
* * * LOW HITPOINT WARNING * * *
An orc warrior comes into view. It is wielding a +0 glaive.
The orc knight hits you with a +0 great sword!!
You die...

........$.$...oo
.............o..
............oo.o
.............o..
$.......$.oo..o.
.>.......$K☼....
$......)o.......
......))@o..o...
.......o..#.....
#......)o##.....
..$....[).......
$......)........
................
............o...
.......$..o....P
................


You could see an orc knight, a kobold blastminer, 6 orc warriors, 3 orc priests,
2 orc wizards and 4 orcs.

Vanquished Creatures
  A frost giant (D:11)
  An ettin (Orc:2)
  A hydra (Lair:3)
  4 boulder beetles (D:11)
  3 two-headed ogres
  Urug (Orc:1)
  8 death yaks
  Sonja (Lair:2)
  An arcanist (D:11)
  An orc knight (Orc:1)
  A manticore (D:11)
  A wolf spider (D:11)
  An ugly thing (D:11)
  3 orc sorcerers
  6 elephants
  Joseph (D:7)
  A torpor snail (Lair:1)
  3 black mambas
  8 cane toads
  7 rime drakes
  3 komodo dragons
  An unseen horror (D:11)
  A tengu conjurer (D:11)
  A queen bee (Lair:2)
  9 trolls
  4 polar bears
  2 hornets
  A dream sheep (Lair:3)
  2 slime creatures (D:11)
  5 spriggans (Bailey)
  A centaur simulacrum (D:11)
  4 jumping spiders (Lair:3)
  A wraith (D:6)
  A shadow (D:9)
  7 wyverns
  3 vampires
  20 yaks
  13 fire elementals
  11 basilisks
  A warg (Orc:1)
  A vampire mosquito (D:11)
  A redback (Lair:3)
  6 steam dragons
  An acid dragon (D:11)
  13 water moccasins
  A black bear (D:5)
  An ice beast (D:7)
  17 orc warriors
  22 wolves
  6 ogres
  5 centaurs
  2 kobold brigands
  3 phantoms (D:5)
  6 bullfrogs
  3 scorpions
  5 wights (D:8)
  30 killer bees
  A howler monkey (D:10)
  6 electric eels
  A crimson imp (D:11)
  3 hounds
  7 orc priests
  2 bombardier beetles
  A gnoll bouda (Lair:3)
  Jessica (D:2)
  An iguana (D:6)
  14 orc wizards
  A sleepcap (D:7)
  13 hell rats
  Robin (D:2)
  8 adders
  3 river rats (D:11)
  A shadow imp (D:7)
  4 ufetubi
  A ribbon worm (D:2)
  5 dart slugs
  51 orcs
  4 endoplasms
  A giant cockroach (D:2)
  23 goblins
  11 hobgoblins
  2 jackals (D:3)
  7 quokkas
  10 ball pythons
  11 bats
  A frilled lizard (D:3)
  13 kobolds
  7 rats
483 creatures vanquished.

Vanquished Creatures (others)
  A kobold (D:6)
1 creature vanquished.

Grand Total: 484 creatures vanquished

Notes
Turn   | Place    | Note
-------+----------+-------------------------------------------
     0 | D:1      | jasper the Hill Orc Cinder Acolyte began the quest for the
                  | Orb.
     0 | D:1      | Reached XP level 1. HP: 19/19 MP: 2/2
    12 | D:1      | Found Kobbiell's Assorted Antiques.
   108 | D:1      | Reached XP level 2. HP: 26/26 MP: 3/3
   112 | D:1      | Learned a level 2 spell: Scorch
   114 | D:1      | Found Atweobb's Antique Armour Shoppe.
   272 | D:1      | Reached skill level 5 in Axes
   324 | D:1      | Found Ihukhliel's Jewellery Boutique.
   649 | D:1      | Reached XP level 3. HP: 27/31 MP: 4/4
  1175 | D:1      | Bought 2 bubbling purple potions for 45 gold pieces
  1196 | D:2      | Noticed Robin
  1202 | D:2      | Reached skill level 6 in Axes
  1210 | D:2      | Killed Robin
  1211 | D:2      | Reached XP level 4. HP: 28/39 MP: 5/5
  1538 | D:2      | Reached skill level 7 in Axes
  1623 | D:2      | Noticed Jessica
  1632 | D:2      | Killed Jessica
  1633 | D:2      | Reached XP level 5. HP: 44/45 MP: 6/6
  2289 | D:3      | Found a basalt altar of Yredelemnul.
  2289 | D:3      | Found a bloodstained altar of Trog.
  2339 | D:3      | Reached skill level 8 in Axes
  2689 | D:3      | Identified a scroll of acquirement
  2689 | D:3      | Acquired a +1 executioner's axe of freezing
  2716 | D:4      | Found a staircase to the Ecumenical Temple.
  2718 | D:4      | Found a faded altar of an unknown god.
  2831 | D:4      | Found a sacrificial altar of Ru.
  2906 | D:4      | Noticed a centaur
  2913 | D:4      | Killed a centaur
  2914 | D:4      | Reached XP level 6. HP: 35/51 MP: 7/7
  3105 | D:4      | Reached skill level 9 in Axes
  3531 | D:4      | Found Ytso Xach's Jewellery Emporium.
  3588 | D:5      | Entered Level 5 of the Dungeon
  3588 | D:5      | Noticed a water moccasin
  3598 | D:5      | Killed a water moccasin
  3691 | D:5      | Noticed an orc warrior
  3821 | D:5      | Reached skill level 10 in Axes
  3821 | D:5      | Reached XP level 7. HP: 51/57 MP: 8/8
  3923 | D:5      | Reached skill level 11 in Axes
  4206 | D:5      | Reached skill level 1 in Armour
  4250 | D:6      | Noticed a steam dragon
  4255 | D:6      | Killed a steam dragon
  4256 | D:6      | Reached XP level 8. HP: 55/67 MP: 9/9
  4266 | D:6      | Reached skill level 12 in Axes
  4496 | D:6      | Reached skill level 5 in Fighting
  5079 | D:6      | Reached skill level 13 in Axes
  5098 | D:6      | Reached XP level 9. HP: 52/75 MP: 10/10
  6089 | D:7      | Noticed Joseph
  6100 | D:7      | Killed Joseph
  6101 | D:7      | Reached skill level 14 in Axes
  6101 | D:7      | Reached skill level 5 in Armour
  6110 | D:7      | Noticed a hornet
  6122 | D:7      | Killed a hornet
  6476 | D:7      | Reached XP level 10. HP: 22/86 MP: 11/11
  6789 | D:8      | Found a shadowy altar of Dithmenos.
  6854 | D:8      | Reached skill level 15 in Axes
  7246 | D:8      | Paralysed by a hornet for 2 turns
  7632 | D:8      | Found a shimmering altar of Xom.
  8200 | D:9      | Noticed a two-headed ogre
  8209 | D:9      | Killed a two-headed ogre
  8210 | D:9      | Reached skill level 16 in Axes
  8378 | D:9      | Found a flagged portal.
  8392 | Bailey   | Entered a bailey
  8466 | Bailey   | Noticed a two-headed ogre
  8486 | Bailey   | Killed a two-headed ogre
  8487 | Bailey   | Reached XP level 11. HP: 29/97 MP: 12/12
  8607 | Bailey   | Reached skill level 17 in Axes
  8676 | Bailey   | Identified the +3 scimitar of Nilen {freeze, rN+}
  9628 | D:10     | Entered Level 10 of the Dungeon
  9642 | D:10     | Noticed a two-headed ogre
  9663 | D:10     | Killed a two-headed ogre
  9668 | D:10     | Reached skill level 10 in Fighting
 10532 | D:11     | Noticed a manticore
 10541 | D:11     | Killed a manticore
 10794 | D:11     | Noticed a boulder beetle
 10794 | D:11     | Noticed a wolf spider
 10794 | D:11     | Noticed a boulder beetle
 10795 | D:11     | Noticed a frost giant
 10795 | D:11     | Noticed a boulder beetle
 10799 | D:11     | Reached skill level 18 in Axes
 10799 | D:11     | Killed a frost giant
 10799 | D:11     | Killed a boulder beetle
 10799 | D:11     | Killed a wolf spider
 10800 | D:11     | Reached XP level 12. HP: 76/110 MP: 13/13
 10804 | D:11     | Killed a boulder beetle
 10804 | D:11     | Killed a boulder beetle
 10805 | D:11     | Reached skill level 19 in Axes
 11063 | D:11     | Noticed a death yak
 11063 | D:11     | Noticed a death yak
 11064 | D:11     | Found a staircase to the Lair.
 11064 | D:11     | Noticed a death yak
 11087 | D:11     | Killed a death yak
 11088 | D:11     | Reached skill level 10 in Armour
 11101 | D:11     | Killed a death yak
 11110 | D:11     | Killed a death yak
 11447 | D:11     | Found a staircase to the Orcish Mines.
 11780 | D:11     | Noticed a boulder beetle
 11788 | D:11     | Killed a boulder beetle
 12101 | Temple   | Found a transporter.
 12101 | Temple   | Found a transporter.
 12101 | Temple   | Found a transporter.
 12101 | Temple   | Found a transporter.
 12101 | Temple   | Entered the Ecumenical Temple
 12118 | Temple   | Fell from the grace of Ignis
 12118 | Temple   | Became a worshipper of Warmaster Okawaru
 12290 | Lair:1   | Entered Level 1 of the Lair of Beasts
 12310 | Lair:1   | Reached skill level 20 in Axes
 12581 | Lair:1   | Reached * piety under Okawaru
 12838 | Lair:1   | Reached skill level 1 in Throwing
 12860 | Lair:1   | Reached XP level 13. HP: 104/119 MP: 14/14
 13109 | Lair:1   | Identified the +11 sling of Xaheuj {speed, *Corrode rPois
                  | rN++ Str+2}
 13849 | Lair:2   | Reached ** piety under Okawaru
 13971 | Lair:2   | Noticed ProzacElf's ghost (journeyman TrHW)
 14345 | Lair:2   | Found a runed translucent gate.
 14345 | Lair:2   | Found a runed translucent gate.
 14346 | Lair:2   | Found a runed translucent gate.
 14386 | Lair:2   | You fall into a shaft and drop 2 floors!
 14412 | Lair:3   | Found a hole to the Spider Nest.
 14488 | Lair:2   | Noticed Sonja
 14492 | Lair:2   | You fall into a shaft and drop 1 floor!
 14510 | Lair:3   | Reached skill level 21 in Axes
 15166 | Lair:3   | Reached *** piety under Okawaru
 15683 | Lair:3   | Identified the +0 ring mail of Generosity {rF+ MP+9 Int-5}
 15804 | Lair:3   | Reached **** piety under Okawaru
 16092 | Lair:4   | Reached skill level 22 in Axes
 16262 | Lair:4   | Reached XP level 14. HP: 76/129 MP: 15/15
 16608 | Lair:4   | Reached ***** piety under Okawaru
 17190 | Lair:2   | Killed Sonja
 17219 | Lair:2   | Reached skill level 23 in Axes
 17330 | Lair:2   | You fall into a shaft and drop 2 floors!
 17330 | Lair:4   | Was forgiven by Ignis
 17711 | Lair:2   | Found a staircase to the Shoals.
 18034 | Orc:1    | Entered Level 1 of the Orcish Mines
 18035 | Orc:1    | Noticed Urug
 18061 | Orc:1    | Killed Urug
 18667 | Orc:1    | You fall into a shaft and drop 1 floor!
 18667 | Orc:2    | Entered Level 2 of the Orcish Mines
 18667 | Orc:2    | Found a staircase to the Elven Halls.
 18668 | Orc:2    | Paralysed by an orc sorcerer for 5 turns
 18696 | Orc:2    | Slain by an orc knight

Illustrated notes

Levels and vault maps discovered:
D:1:      shiori_arrival_elements, layout_basic, serial_shops,
          nicolae_shop_real_fake_doors, nicolae_shop_tiny_statue_garden,
          nicolae_shop_gibbet_a_chance, minmay_cut_off
D:2:      layout_rooms, chequers_serial_rivers_small_a, nrook_mini_backslash,
          uniq_robin, uniq_jessica
D:3:      layout_basic, gammafunk_temple_overflow_statue,
          kennysheep_decorative_pillar
D:4:      layout_basic, kennysheep_mini_moat, nicolae_temple_entry_ecumenical,
          minmay_shop_enchanted_jewellery, hangedman_abyss_or_decor_slice
D:5:      layout_loops_ring, minmay_strange_pillars
D:6:      layout_loops_ring, serial_bayou_lagoon_b
D:7:      layout_basic, uniq_joseph
D:8:      layout_rooms, mainiacjoe_overflow_catch_the_wave,
          minmay_misc_feat_more_columns
D:9:      layout_irregular_city, enter_bailey_5, kennysheep_small_square
D:10:     layout_loops_ring, minivault_4
D:11:     nzn_winding_woodlands_cross [nzn_winding_woodlands_5x15_pockets,
          nzn_winding_woodlands_5x15_lazy_stream,
          nzn_winding_woodlands_5x15_eye, nzn_winding_woodlands_5x15_default,
          nzn_winding_woodlands_15x15_killbox], layout_long_grid,
          dpeg_lair_monsters, lightli_wizard_tower
Temple:   hellmonk_temple_divided_pantheon
Lair:1:   layout_misc_corridors, serial_bayou_shore_b, grunt_megastairs_5
Lair:2:   layout_cave_pods, elwin_shoals_entry_rocks, special_room
          [special_room_bee], gammafunk_ghost_split, serial_bayou_ford_a,
          uniq_sonja
Lair:3:   layout_roguey [special_room_mythical_zoo], spider_nest_entry_a,
          dreamdust_gnoll_shepherd
Lair:4:   layout_gridlike
Orc:1:    layout_caves, nicolae_volcano_entry_s_turn,
          regret_index_minedec_guest_junction, uniq_urug
Orc:2:    grunt_orc_gardens, layout_caves, grunt_orc_garden, grunt_orc_garden,
          grunt_orc_garden, grunt_orc_garden, portal_ice_cave_entry_pillars_1,
          mines2_david

Skill      XL: |  1  2  3  4  5  6  7  8  9 10 11 12 13 14 |
---------------+-------------------------------------------+-----
Axes           | 5 6 7 8 10 11 13 14 16 18 20 22 23 | 23.8
Fighting       | 4 5 7 9 11 12 13 | 13.5
Armour         | 2 3 5 7 9 10 12 | 12.0
Throwing       | 2 3 |  3.0
Spellcasting   | |  1.0
Fire Magic     | |  3.2

Action                     |  1- 3 |  4- 6 |  7- 9 | 10-12 | 13-15 || total
---------------------------+-------+-------+-------+-------+-------++-------
  Melee: Hand axe          |   102 |   173 |    44 |       |       ||   319
         Battleaxe         |       |    21 |       |   250 |       ||   271
         War axe           |       |       |   154 |   195 |       ||   349
         Punch             |       |       |     2 |     5 |       ||     7
         Executioner's axe |       |       |       |    35 |   511 ||   546
         Dire flail        |       |       |       |       |     7 ||     7
  Throw: Dart              |     6 |     1 |     4 |     5 |       ||    16
         Boomerang         |       |       |       |       |     9 ||     9
 Invoke: Fiery Armour      |     1 |     1 |     5 |     5 |       ||    12
         Heroism           |       |       |       |       |    13 ||    13
  Evoke: Wand              |       |       |     8 |     4 |     5 ||    17
    Use: Scroll            |     2 |     8 |       |    16 |     4 ||    30
         Potion            |       |       |       |     4 |    12 ||    16
   Stab: Invisible         |       |       |       |       |     5 ||     5
 Armour: Robe              |    77 |    62 |       |       |       ||   139
         Leather armour    |       |    45 |     1 |       |       ||    46
         Scale mail        |       |       |    51 |       |       ||    51
         Ring mail         |       |       |    10 |       |       ||    10
         Chain mail        |       |       |    81 |    43 |       ||   124
         Plate armour      |       |       |       |   292 |   484 ||   776
  Dodge: Dodged            |    57 |   117 |   133 |   217 |   313 ||   837
  Block: Other             |       |       |       |   106 |   112 ||   218
         Reflection        |       |       |       |     4 |     3 ||     7
